Map: Orbital Shipyard

Players

PSiArcYanmoo (PSiArc) - Winner!

  • Race: Terran Terran
  • League: Grandmaster

Seither

  • Race: Terran Terran
  • League: Grandmaster

VOD

Have the link to the VOD?

Description

Time

  • Played on: Dec. 15, 2015, 5:58 a.m.
  • Length: 7:57
Show
View Real Time Build Order
Export as new Build Order

PSiArcYanmoo Terran - Winner!

Build Orders: 1/1/1, Banshee Rush 

Get SALT Encoding   

  12  0:00  SCV  
  13  0:12  SCV  
  14  0:17  Supply Depot  
  14  0:25  SCV  
  15  0:31  Refinery  
  15  0:39  SCV  
  16  0:45  Barracks  
  16  0:51  SCV  
  16  0:56  Refinery  
  17  1:03  SCV  
  18  1:15  SCV  
  19  1:32  Orbital Command  
  19  1:33  Factory  
  19  1:37  Reaper  
  20  1:45  Supply Depot  
  20  1:57  SCV  
  21  2:09  SCV, Reaper  
  23  2:17  Hellion  
  23  2:18  Starport  
  23  2:22  SCV  
  26  2:27  Supply Depot  
  26  2:34  SCV  
  27  2:42  Hellion, Barracks Tech Lab  
  29  2:52  SCV  
  30  2:59  Supply Depot  
  30  3:05  Cloaking Field  
  30  3:06  Banshee  
  30  3:10  SCV  
  34  3:13  Barracks Reactor, Factory Tech Lab  
  34  3:22  SCV  
  35  3:35  SCV  
  35  3:40  Command Center  
  36  3:49  Siege Tank  
  36  3:50  SCV  
  36  3:54  Banshee  
  43  3:57  Supply Depot  
  43  4:13  SCV  
  43  4:16  Supply Depot  
  44  4:17  Marine x2  
  46  4:30  SCV  
  44  4:34  Siege Tank  
  44  4:38  Marine x2  
  47  4:42  SCV  
  50  4:47  Barracks  
  50  4:51  Starport Reactor  
  50  4:52  Orbital Command  
  50  4:54  SCV  
  50  4:57  Marine x2  
  53  5:06  SCV  
  53  5:07  Siege Tank  
  57  5:16  Barracks  
  57  5:19  SCV  
  57  5:21  SCV  
  59  5:27  Marine x2  
  61  5:31  SCV  
  61  5:33  SCV  
  63  5:43  SCV  
  63  5:45  SCV  
  63  5:50  Stimpack  
  63  5:51  Marine x3  
  63  5:52  Command Center  
  63  5:53  Medivac x2  
  63  5:55  SCV  
  71  5:57  SCV  
  71  6:02  Refinery  
  71  6:03  Refinery  
  72  6:05  Barracks Reactor  
  72  6:07  SCV  
  72  6:11  SCV, Engineering Bay x2  
  74  6:22  SCV  
  74  6:23  Marine x2  
  77  6:25  Marine  
  78  6:33  Siege Tank  
  78  6:34  Supply Depot  
  78  6:35  SCV  
  78  6:36  Supply Depot, SCV  
  83  6:41  Marine  
  84  6:47  Marine x2  
  86  6:55  Marine x2  
  86  6:56  Medivac x2  
  86  6:58  Marine  
  91  7:05  Marine x2  
  81  7:13  Marine  
  81  7:14  SCV  
  66  7:24  Marine x3  
  66  7:27  SCV  
  66  7:28  SCV  
  66  7:29  Marine  
  72  7:31  Marine  
Show
View Real Time Build Order
Export as new Build Order

Seither Terran 

Build Orders: Reaper Expand 

Get SALT Encoding   

  12  0:00  SCV  
  13  0:12  SCV  
  14  0:17  Supply Depot  
  14  0:25  SCV  
  15  0:39  SCV  
  15  0:40  Barracks  
  16  0:45  Refinery  
  16  0:51  SCV  
  17  1:03  SCV  
  18  1:15  SCV  
  19  1:29  Reaper, Orbital Command  
  20  1:44  Command Center  
  20  1:55  SCV  
  20  1:56  Supply Depot  
  21  2:01  Marine  
  22  2:09  Factory  
  22  2:11  SCV  
  23  2:23  Barracks Reactor, SCV  
  24  2:30  Refinery  
  24  2:35  SCV  
  25  2:48  SCV  
  26  2:56  Hellion  
  26  2:57  Orbital Command  
  28  2:58  Starport  
  28  3:00  SCV, Marine x2  
  31  3:12  SCV  
  32  3:18  Marine x2  
  34  3:20  Factory Tech Lab  
  34  3:24  SCV  
  34  3:25  SCV  
  34  3:26  Supply Depot  
  36  3:36  Marine x2  
  36  3:38  Medivac  
  40  3:46  Engineering Bay  
  40  3:47  SCV  
  41  3:49  Cyclone  
  41  3:52  SCV  
  41  3:55  Supply Depot  
  45  3:57  Marine x2  
  45  3:59  SCV  
  48  4:07  SCV  
  48  4:11  SCV  
  48  4:13  Missile Turret  
  48  4:16  Missile Turret  
  49  4:19  Viking, Missile Turret  
  49  4:20  Marine x2  
  53  4:36  Siege Tank  
  53  4:37  SCV x2  
  53  4:38  Marine x2  
  59  4:39  Supply Depot  
  60  4:49  SCV x2  
  62  5:00  Marine x2  
  62  5:01  Medivac  
  62  5:02  Command Center  
  62  5:04  SCV x2  
  68  5:10  Supply Depot  
  68  5:17  Supply Depot  
  62  5:24  Marine  
  62  5:25  Marine  
  64  5:29  SCV  
  64  5:30  SCV  
  64  5:33  Terran Infantry Weapons Level 1  
  64  5:35  Refinery, Medivac  
  68  5:36  Supply Depot  
  65  5:47  Siege Tank  
  67  5:52  SCV x2, Refinery  
  69  5:58  Barracks  
  69  6:00  Barracks  
  69  6:02  Barracks Tech Lab  
  69  6:06  Supply Depot, Engineering Bay, SCV x2  
  71  6:12  Starport Reactor  
  72  6:18  SCV x2, Barracks  
  72  6:20  Barracks  
  72  6:24  Marine  
  74  6:28  Siege Tank  
  77  6:35  Orbital Command  
  77  6:39  SCV  
  78  6:40  Supply Depot  
  78  6:42  Marine  
  79  6:47  Liberator  
  79  6:48  Liberator  
  79  6:56  Marine x3  
  79  6:59  Bunker  
  82  7:03  Marine  
  82  7:06  Marine x2  
  84  7:13  Marine  
  84  7:14  Marine x2  
  79  7:20  Marine  
  70  7:24  Marine x2  
  73  7:31  Marine  
  72  7:38  Marine  
Tags
 
Add a new tag
Caveats
  • Supply blocks, unpowered buildings, or Contaminate may cause inaccurate times.
  • Supply counts are checked every 10 seconds.